 Dungeon Crawl Stone Soup version 0.28.0-43-g3370ac3207 (webtiles) character file.

Game seed: 9001695233308970821

27731 fknight the Basher (level 13, -1/127 HPs)
             Began as a Gargoyle Berserker on Mar 17, 2022.
             Was an Elder of Trog.
             Slain by Rupert
             ... wielding a +4 great mace of distortion
              (7 damage)
             ... on level 3 of the Lair of Beasts.
             The game lasted 01:09:14 (15056 turns).

fknight the Basher (Gargoyle Berserker)            Turns: 15056, Time: 01:09:14

Health: -1/127     AC: 44    Str: 24    XL:     13   Next: 34%
Magic:  13/13      EV: 11    Int:  6    God:    Trog [****..]
Gold:   429        SH: 11    Dex: 14    Spells: 12/12 levels left

rFire   . . .      SeeInvis .   r - +5 mace (protect)
rCold   + + .      Faith    +   g - +2 kite shield
rNeg    + + +      Spirit   .   B - +3 plate armour
rPois   ∞          Reflect  .   b - +0 helmet {Int+3}
rElec   +          Harm     .   q - +0 cloak {Stlth+}
rCorr   .          Rampage  ∞   A - +0 pair of gloves
Will    ++...                   Q - +3 pair of seven-league boots {Rampage+∞}
Stlth   ..........              E - amulet "Xasa" {Faith rPois rN+ Dex+3}
HPRegen 1.31/turn               a - ring of Ignis's Generosity {rPois rC++ rN+ EV+4 Int-5}
MPRegen 0.13/turn               K - +4 ring of slaying

@: berserking (expiring), strong-willed (expiring), under a protective aura,
regenerating (expiring), very quick
A: sickness immunity, AC +9, negative energy resistance 1, electricity
resistance, torment resistance 1, petrification resistance
a: Renounce Religion, Berserk, Trog's Hand, Brothers in Arms


You were on level 3 of the Lair of Beasts.
You worshipped Trog.
Trog was greatly pleased with you.
You visited 2 branches of the dungeon, and saw 16 of its levels.

You collected 898 gold pieces.
You spent 469 gold pieces at shops.

Inventory:

Hand Weapons
 j - a +0 hunting sling
 k - a +0 vorpal morningstar
 l - a +2 dire flail of protection
 n - a +1 mace of holy wrath
 r - a +5 mace of protection (weapon)
 z - a +4 dagger
 O - a +0 vorpal shortbow
 P - a +0 dagger of venom
 V - a +1 spear of flaming
Missiles
 d - 135 sling bullets
 m - 148 arrows
 o - 2 silver boomerangs
 t - 4 javelins
 L - 3 boomerangs of dispersal
 N - 2 datura-tipped darts
 W - 25 poisoned darts (quivered)
 Z - 5 curare-tipped darts
Armour
 b - a +0 helmet of intelligence (worn)
 c - the +1 leather armour of Time Monsters {rPois rF+ Slay+3}
   (You found it on level 5 of the Dungeon)

   Slay:      It affects your accuracy & damage with ranged weapons and melee
   (+3).
   rF:        It protects you from fire.
   rPois:     It protects you from poison.
 g - a +2 kite shield (worn)
 i - a scarf of invisibility
 q - a +0 cloak of stealth (worn)
 A - a +0 pair of gloves (worn)
 B - a +3 plate armour (worn)
 F - a +0 ring mail of fire resistance
 Q - the +3 pair of seven-league boots (worn) {Rampage+∞}
   (You acquired it on level 8 of the Dungeon)

   Its wearer moves as far as possible in that direction when moving towards
   enemies.
Jewellery
 a - the ring of Ignis's Generosity (left hand) {rPois rC++ rN+ EV+4 Int-5}
   (You took it off a tengu warrior on level 10 of the Dungeon)

   [ring of evasion]

   EV:        It affects your evasion (+4).
   Int:       It affects your intelligence (-5).
   rC:        It greatly protects you from cold.
   rPois:     It protects you from poison.
   rN:        It protects you from negative energy.
 e - a ring of flight
 h - an amulet of the acrobat
 s - the amulet "Peakemiu" {Acrobat rC- rCorr SInv}
   (You took it off a deep elf pyromancer on level 10 of the Dungeon)

   [amulet of the acrobat]

   It increases your evasion while moving and waiting.
   rC:        It makes you vulnerable to cold.
   SInv:      It lets you see invisible.
   rCorr:     It protects you from acid and corrosion.
 E - the amulet "Xasa" (around neck) {Faith rPois rN+ Dex+3}
   (You took it off a deep elf pyromancer on level 10 of the Dungeon)

   [amulet of faith]

   It allows you to gain divine favour quickly.
   Dex:       It affects your dexterity (+3).
   rPois:     It protects you from poison.
   rN:        It protects you from negative energy.
 G - a +4 ring of evasion
 K - a +4 ring of slaying (right hand)
Wands
 y - a wand of charming (7)
 I - a wand of mindburst (12)
 R - a wand of polymorph (6)
 T - a wand of flame (7)
 X - a wand of iceblast (4)
Scrolls
 f - a scroll of identify
 u - 5 scrolls of teleportation
 v - a scroll of summoning
 w - a scroll of silence
 H - 2 scrolls of magic mapping
 S - a scroll of fear
 Y - a scroll of fog
Potions
 p - a potion of cancellation
 x - 3 potions of curing
 C - a potion of heal wounds
 D - a potion of mutation
 J - a potion of resistance
 M - a potion of flight
 U - a potion of might


   Skills:
 + Level 11.9 Fighting
 + Level 4.4 Long Blades
 + Level 14.1 Maces & Flails
 + Level 1.3(1.9) Slings
 + Level 2.0(2.2) Throwing
 + Level 12.2 Armour
 + Level 3.8 Dodging
 + Level 2.5 Stealth
 + Level 5.0 Shields


You had 12 spell levels left.
You didn't know any spells.
Your spell library was empty.

Dungeon Overview and Level Annotations

Branches:
Dungeon (13/15)            Temple (0/1) D:5            Lair (3/6) D:10
  Swamp (0/4) Lair:3       Spider (0/4) Lair:2          Orc (0/2) D:10
 Vaults: D:13-14

Altars:
Qazlal
Sif Muna
The Shining One

Shops:
D:1 (   D:4 ?   D:8 ?

Portals:
Ice
Cave: D:12

Annotations:
D:3 2 runed translucent doors, PerfectTommy's ghost, weakling PaWr
D:10 3 runed translucent doors
Lair:1 3 runed translucent doors, nickcage's ghost, journeyman MiFi
Lair:2 1 runed translucent door, Cerol's ghost, journeyman MiBe
Lair:3 Rupert


Innate Abilities, Weirdness & Mutations

You are immune to sickness and miasma.
Your stone body is resilient. (AC +9)
You are immune to poison.
You resist negative energy. (rN+)
You are resistant to electric shocks. (rElec)
You are resistant to unholy torment.
You are immune to petrification.


Message History

You feel the effects of Trog's Hand fading.
Rupert hits you with a +4 great mace of distortion!!!
* * * LOW HITPOINT WARNING * * *
Space warps horribly around you.
* * * LOW HITPOINT WARNING * * *
You block the bullfrog's attack. The blink frog completely misses you.
The spriggan hits you but does no damage.
You sock Rupert!
Rupert is moderately wounded.
You block the blink frog's attack.
The water moccasin bites you but does no damage.
The cane toad stings you but does no damage.
The bullfrog closely misses you. Rupert barely misses you.
The blink frog closely misses you.
You bludgeon Rupert!!
Rupert is heavily wounded.
The blink frog closely misses you. You block the water moccasin's attack.
The blink frog blinks!
You block the cane toad's attack. The bullfrog closely misses you.
Rupert hits you with a +4 great mace of distortion.
* * * LOW HITPOINT WARNING * * *
Space warps horribly around you!!
* * * LOW HITPOINT WARNING * * *
The spriggan closely misses you. You block the blink frog's attack.
You bludgeon Rupert!!
Rupert is heavily wounded.
The blink frog hits you but does no damage.
You block the water moccasin's attack. The bullfrog closely misses you.
Rupert misses you.
You sock Rupert!
Rupert is severely wounded.
You block the blink frog's attack. The cane toad barely misses you.
The spriggan hits you but does no damage.
You block the blink frog's attack.
The water moccasin bites you but does no damage.
The bullfrog barely misses you.
You hit Rupert.
Rupert is severely wounded.
Rupert hits you but does no damage. Space warps around you!
You die...

...........#
........#..........#
##..♣.♣..♣..........#
#....≈.≈.≈..........#
.##....≈.≈.≈≈..#......#
........≈.≈≈≈≈.......##
.......FF≈≈≈≈≈≈...#...#
...≈≈.FFi≈≈≈≈..♣.######
♣..S@@).≈≈.≈≈♣..####
#..≈≈.FSF≈..≈.......)#
#....≈≈≈≈....≈≈......#
..♣≈≈≈≈≈≈..........###
#...≈≈≈≈.≈....♣....#
##...≈≈.≈.≈.....#.##
#....≈.≈.≈......##
#.#......♣♣######
#.....


You could see Rupert (berserk), a cane toad, 4 blink frogs, 2 water moccasins, a
spriggan and a bullfrog.

Vanquished Creatures
  Snorg (D:10)
  A boulder beetle (D:10)
  An ogre mage (D:10)
  5 hydras
  A catoblepas (Lair:2)
  A two-headed ogre (D:9)
  2 tengu warriors (D:10)
  The ghost of CrueltySquad the Geomancer, a novice GrEE of Vehumet (D:9)
  6 skeletal warriors (D:12)
  3 deep elf pyromancers (D:10)
  A cyclops (D:10)
  A black mamba (Lair:3)
  3 cane toads
  A gargoyle (D:10)
  3 komodo dragons
  A freezing wraith (D:12)
  Grinder (D:5)
  A blink frog (Lair:3)
  Sigmund (D:2)
  A shadow (D:8)
  3 spriggans (Lair:3)
  A wyvern (D:9)
  27 yaks
  A human (shapeshifter) (D:13)
  2 basilisks (Lair:2)
  2 vampire mosquitoes (D:13)
  Menkaure (D:5)
  A steam dragon (Lair:2)
  Edmund (D:5)
  An acid dragon (D:9)
  3 water moccasins
  Duvessa (D:6)
  7 orc warriors
  A sky beast (D:6)
  3 ice beasts
  4 black bears
  3 necrophages
  4 centaurs
  9 wolves
  A phantom (D:4)
  2 kobold brigands (D:9)
  8 bullfrogs
  A gnoll sergeant (D:10)
  2 scorpions
  Dowan (D:6)
  19 killer bees
  2 howler monkeys (D:9)
  3 wights (D:8)
  4 centaur zombies
  10 orc priests
  A bullfrog skeleton (D:6)
  3 hounds
  Crazy Yiuf (D:2)
  A centaur skeleton (D:5)
  3 iguanas (D:6)
  10 orc wizards
  5 hell rats (Lair:3)
  A hound skeleton (D:4)
  A howler monkey zombie (D:7)
  Robin (D:3)
  9 gnolls
  8 adders
  An ufetubus (D:4)
  A worm (D:2)
  33 orcs
  11 ball pythons
  4 bats
  10 endoplasms
  3 giant cockroaches
  17 goblins
  6 hobgoblins
  7 jackals
  14 kobolds
  4 quokkas
  3 frilled lizards (D:3)
  8 rats
330 creatures vanquished.

Vanquished Creatures (others)
  5 fungi
  8 plants
13 creatures vanquished.

Grand Total: 343 creatures vanquished

Notes
Turn   | Place    | Note
-------+----------+-------------------------------------------
     0 | D:1      | fknight the Gargoyle Berserker began the quest for the Orb.
     0 | D:1      | Reached XP level 1. HP: 14/14 MP: 1/1
   216 | D:1      | Reached XP level 2. HP: 18/19 MP: 2/2
   571 | D:1      | Found Teubi's Weapon Emporium.
   951 | D:1      | Reached XP level 3. HP: 24/24 MP: 3/3
  1151 | D:2      | Reached ** piety under Trog
  1290 | D:2      | Noticed Sigmund
  1300 | D:2      | Killed Sigmund
  1301 | D:2      | Reached skill level 1 in Slings
  1301 | D:2      | Reached skill level 1 in Stealth
  1301 | D:2      | Reached XP level 4. HP: 30/30 MP: 4/4
  1301 | D:2      | Reached XP level 5. HP: 34/34 MP: 5/5
  1703 | D:2      | Reached XP level 6. HP: 39/39 MP: 6/6
  1815 | D:2      | Found a runed translucent door.
  1816 | D:2      | Noticed Crazy Yiuf
  1823 | D:2      | Killed Crazy Yiuf
  2192 | D:3      | Noticed Robin
  2208 | D:3      | Killed Robin
  2337 | D:3      | Found a faded altar of an unknown god.
  2461 | D:3      | Found a runed translucent door.
  2462 | D:3      | Noticed PerfectTommy's ghost (weakling PaWr)
  2643 | D:3      | Found a runed translucent door.
  3050 | D:4      | Reached skill level 1 in Maces & Flails
  3833 | D:4      | Found Vuwoeshei's Magic Scroll Boutique.
  3841 | D:4      | Bought a scroll of teleportation for 33 gold pieces
  3841 | D:4      | Bought a scroll of noise for 11 gold pieces
  3841 | D:4      | Bought a scroll of vulnerability for 82 gold pieces
  3841 | D:4      | Bought a scroll of immolation for 38 gold pieces
  3841 | D:4      | Bought a scroll of identify for 22 gold pieces
  3846 | D:4      | Bought a scroll of identify for 22 gold pieces
  3846 | D:4      | Bought a scroll of identify for 22 gold pieces
  3894 | D:4      | Reached skill level 2 in Maces & Flails
  3894 | D:4      | Reached XP level 7. HP: 44/44 MP: 7/7
  4395 | D:5      | Entered Level 5 of the Dungeon
  4426 | D:5      | Reached skill level 3 in Maces & Flails
  4509 | D:5      | Noticed Grinder
  4510 | D:5      | Paralysed by Grinder for 7 turns
  4526 | D:5      | Killed Grinder
  4527 | D:5      | Reached skill level 5 in Fighting
  4527 | D:5      | Reached skill level 4 in Maces & Flails
  4528 | D:5      | Noticed Edmund
  4551 | D:5      | Killed Edmund
  4552 | D:5      | Reached XP level 8. HP: 10/49 MP: 8/8
  4809 | D:5      | Found a staircase to the Ecumenical Temple.
  4843 | D:5      | Identified the +1 leather armour of Time Monsters {rPois
                  | rF+ Slay+3}
  5037 | D:5      | Noticed Menkaure
  5045 | D:5      | Killed Menkaure
  5046 | D:5      | Reached skill level 5 in Maces & Flails
  5046 | D:5      | Reached skill level 5 in Armour
  5460 | D:6      | Reached skill level 6 in Maces & Flails
  5783 | D:6      | Reached XP level 9. HP: 55/55 MP: 9/9
  5914 | D:6      | Reached skill level 7 in Maces & Flails
  5929 | D:6      | Noticed Duvessa
  5931 | D:6      | Noticed Dowan
  5944 | D:6      | Killed Duvessa
  6192 | D:6      | Killed Dowan
  6615 | D:7      | Reached skill level 8 in Maces & Flails
  6913 | D:7      | Found a glowing golden altar of the Shining One.
  6938 | D:7      | Reached *** piety under Trog
  7252 | D:8      | Found Ifieck's Magic Scroll Boutique.
  7306 | D:8      | Reached XP level 10. HP: 63/63 MP: 10/10
  7315 | D:8      | Reached skill level 9 in Maces & Flails
  8349 | D:8      | Bought a scroll of enchant armour for 97 gold pieces
  8349 | D:8      | Bought a scroll of enchant armour for 97 gold pieces
  8349 | D:8      | Bought a scroll of fear for 45 gold pieces
  8349 | D:8      | Identified a scroll of acquirement
  8350 | D:8      | Acquired the +3 pair of seven-league boots {Rampage+∞}
  8350 | D:8      | Found the +3 pair of seven-league boots {Rampage+∞}
  8897 | D:9      | Found a runed translucent door.
  8898 | D:9      | Noticed CrueltySquad's ghost (novice GrEE)
  8898 | D:9      | Noticed a five-headed hydra
  8926 | D:9      | Reached skill level 10 in Maces & Flails
  9164 | D:9      | Noticed a two-headed ogre
  9171 | D:9      | Killed a two-headed ogre
  9172 | D:9      | Reached XP level 11. HP: 71/71 MP: 11/11
  9344 | D:9      | Reached skill level 11 in Maces & Flails
  9477 | D:10     | Entered Level 10 of the Dungeon
  9477 | D:10     | Found a staircase to the Lair.
  9478 | D:10     | Noticed Snorg
  9489 | D:10     | Killed Snorg
  9679 | D:10     | You fall into a shaft and drop 3 floors!
  9688 | D:12     | Noticed a skeletal warrior
  9688 | D:12     | Noticed a skeletal warrior
  9688 | D:12     | Noticed a skeletal warrior
  9689 | D:12     | Noticed a skeletal warrior
  9689 | D:12     | Noticed a skeletal warrior
  9707 | D:12     | Killed a skeletal warrior
  9719 | D:12     | Killed a skeletal warrior
  9728 | D:12     | Killed a skeletal warrior
  9734 | D:13     | Reached skill level 12 in Maces & Flails
 10043 | D:12     | Killed a skeletal warrior
 10044 | D:12     | Reached skill level 10 in Fighting
 10044 | D:12     | Reached skill level 1 in Throwing
 10049 | D:12     | Killed a skeletal warrior
 10087 | D:12     | Noticed a skeletal warrior
 10107 | D:12     | Killed a skeletal warrior
 10111 | D:12     | Reached skill level 10 in Armour
 10123 | D:12     | Noticed a death knight
 10124 | D:12     | Noticed a phantasmal warrior
 10129 | D:12     | Found a shimmering blue altar of Sif Muna.
 10137 | D:12     | Found a frozen archway.
 10250 | D:10     | Reached XP level 12. HP: 78/78 MP: 12/12
 10281 | D:10     | Reached **** piety under Trog
 10513 | D:10     | Found a stormy altar of Qazlal.
 10833 | D:10     | Found a runed translucent door.
 10835 | D:10     | Noticed a stone giant
 10837 | D:10     | Found a runed translucent door.
 10837 | D:10     | Found a runed translucent door.
 10987 | D:10     | Found a staircase to the Orcish Mines.
 11110 | D:10     | Noticed a boulder beetle
 11131 | D:10     | Identified the amulet "Xasa" {Faith rPois rN+ Dex+3}
 11142 | D:10     | Reached skill level 13 in Maces & Flails
 11168 | D:10     | Noticed an ogre mage
 11273 | D:10     | Killed an ogre mage
 11340 | D:10     | Killed a boulder beetle
 11399 | D:10     | Identified the ring of Ignis's Generosity {rPois rC++ rN+
                  | EV+4 Int-5}
 11399 | D:10     | Noticed a tengu warrior
 11419 | D:10     | Killed a tengu warrior
 11420 | D:10     | Reached skill level 1 in Shields
 11676 | D:10     | Identified the ring of the Skies Above {Drain Fly rN+ rCorr
                  | Int+3}
 11676 | D:10     | Noticed a tengu warrior
 11681 | D:10     | Identified the amulet "Peakemiu" {Acrobat rC- rCorr SInv}
 11690 | D:10     | Killed a tengu warrior
 12273 | D:9      | Killed a five-headed hydra
 12281 | D:9      | Killed CrueltySquad's ghost
 12599 | Lair:1   | Entered Level 1 of the Lair of Beasts
 12599 | Lair:1   | Noticed an eight-headed hydra
 12611 | Lair:1   | Killed an eight-headed hydra
 12926 | Lair:1   | Found a runed translucent gate.
 12926 | Lair:1   | Noticed a ten-headed hydra
 12926 | Lair:1   | Noticed a seven-headed hydra
 12926 | Lair:1   | Noticed nickcage's ghost (journeyman MiFi)
 12927 | Lair:1   | Noticed an 11-headed hydra
 12934 | Lair:1   | Killed a seven-headed hydra
 13029 | Lair:1   | Found a runed translucent gate.
 13029 | Lair:1   | Found a runed translucent gate.
 13176 | Lair:1   | Reached XP level 13. HP: 81/84 MP: 13/13
 14044 | Lair:2   | Found a hole to the Spider Nest.
 14200 | Lair:2   | Found a runed translucent door.
 14204 | Lair:2   | Noticed Cerol's ghost (journeyman MiBe)
 14424 | Lair:2   | Reached skill level 14 in Maces & Flails
 14848 | Lair:3   | Found a staircase to the Swamp.
 15036 | Lair:3   | Noticed Rupert
 15045 | Lair:3   | Reached skill level 5 in Shields
 15053 | Lair:3   | HP: 4/127 [Rupert/+4 great mace of distortion (20)]
 15056 | Lair:3   | Slain by Rupert

Illustrated notes

Levels and vault maps discovered:
D:1:      amcnicky_arrival_choice, layout_loops_corners, serial_shops,
          nicolae_shop_behind_doors
D:2:      layout_loops_ring, minivault_4, minmay_misc_feat_enclosed,
          uniq_crazy_yiuf_cottage, uniq_sigmund
D:3:      layout_basic, hellmonk_ecumenical_altar_lost_god,
          ebering_ghost_sewer_f, chequers_serial_rivers_micro_c, uniq_robin
D:4:      layout_gridville, serial_shops, shop
D:5:      layout_basic, minmay_temple_entry_arrows, uniq_edmund, uniq_menkaure,
          uniq_grinder
D:6:      layout_rooms, uniq_duvessa
D:7:      layout_cave_pools, mainiacjoe_overflow_catwalk
D:8:      layout_loops_ring, nicolae_stop_n_shop_1
D:9:      layout_roguey, ebering_ghost_inner_flame
D:10:     minmay_the_grid_triangle_9x9_rhombus_thin_mashed
          [minmay_the_grid_triangle_9x9_empty,
          minmay_the_grid_triangle_9x9_prize_special,
          minmay_the_grid_triangle_9x9_zippers_horizontal,
          minmay_the_grid_triangle_9x9_fully_insulated_deathbox],
          layout_loops_ring, mainiacjoe_overflow_concentric_impassable,
          uniq_snorg
D:11:     minmay_bloctagon_deflated, layout_loops_ring
D:12:     layout_loops_cross, portal_ice_cave_rime, led_sif_book
D:13:     kennysheep_ambush_hall, layout_basic, david_vaults_5,
          kennysheep_minor_cross, hangedman_batty
Lair:1:   hellmonk_warped_wall, layout_cave_pods, gammafunk_ghost_hydra_chop,
          beast_lair_carwin_1, grunt_megastairs_1
Lair:2:   layout_loops_ring, dummy_spider_entry, ebering_ghost_reflecting_pool,
          grunt_megastairs_2
Lair:3:   layout_cave_shapes, swamp_mist, nicolae_quartered_pool_little,
          wad_woods_01, infiniplex_staircase_pool_2, uniq_rupert

Skill      XL: |  1  2  3  4  5  6  7  8  9 10 11 12 13 |
---------------+----------------------------------------+-----
Long Blades    | 3 4 |  4.4
Fighting       | 4 5 6 7 9 10 11 | 11.9
Slings         | 1 |  1.3
Dodging        | 2 3 |  3.8
Stealth        | 1 2 |  2.5
Maces & Flails | 2 4 6 8 10 12 13 14 | 14.1
Armour         | 3 4 6 7 9 10 11 12 | 12.2
Throwing       | 1 2 |  2.0
Shields        | 3 5 |  5.0

Action                   |  1- 3 |  4- 6 |  7- 9 | 10-12 | 13-15 || total
-------------------------+-------+-------+-------+-------+-------++-------
Melee: Falchion          |    64 |    36 |       |       |       ||   100
       Punch             |       |     3 |     9 |     7 |       ||    19
       Mace              |       |   167 |   357 |   702 |   175 ||  1401
 Fire: Hunting sling     |    13 |       |       |       |       ||    13
Throw: Stone             |       |     5 |     3 |       |       ||     8
       Dart              |       |       |     4 |    12 |       ||    16
Invok: Trog's Hand       |     1 |     4 |     9 |    10 |     1 ||    25
       Berserk           |     1 |     3 |     5 |    15 |     1 ||    25
  Use: Scroll            |       |    10 |    11 |    13 |     1 ||    35
       Potion            |       |       |     3 |     1 |       ||     4
 Stab: Sleeping          |     1 |       |       |       |       ||     1
       Petrified         |       |       |       |       |     3 ||     3
Armor: Animal skin       |    16 |       |       |       |       ||    16
       Ring mail         |    12 |    42 |       |       |       ||    54
       Plate armour      |       |   269 |   408 |   460 |   121 ||  1258
Dodge: Dodged            |    35 |   187 |   184 |   433 |   104 ||   943
Block: Kite shield       |       |       |       |    72 |   123 ||   195
